 Dungeon Crawl Stone Soup version 0.25-a0-510-ge065f6de7d (webtiles) character file.

Game seed: 16383327644568221515, levelgen mode: deterministic

95629 Error4North the Severer (level 16, -10/141 HPs)
             Began as a Hill Orc Fighter on Feb 15, 2020.
             Was the Champion of Okawaru.
             Mangled by a spriggan berserker
             ... wielding a +0 war axe of venom
              (19 damage)
             ... on level 15 of the Dungeon.
             The game lasted 01:25:55 (16843 turns).

Error4North the Severer (Hill Orc Fighter)         Turns: 16843, Time: 01:25:56

Health: -10/141    AC: 31    Str: 24    XL:     16   Next: 14%
Magic:  23/23      EV:  8    Int: 12    God:    Okawaru [******]
Gold:   1691       SH: 18    Dex: 12    Spells: 10/25 levels left

rFire    + . .     SeeInvis +   q - +4 broad axe (flame)
rCold    . . .     Gourm    .   c - +1 kite shield
rNeg     + + +     Faith    .   N - +3 plate armour {rN+}
rPois    +         Spirit   .   K - +1 helmet
rElec    .         Reflect  +   o - +2 cloak
rCorr    .         Harm     .   y - +2 pair of gloves
MR       +....                  V - +2 pair of boots {run}
Stlth    ..........             Y - +4 amulet of reflection
HPRegen  0.33/turn              l - ring "Fiejus" {rPois rF+ rN++ Int+4}
MPRegen  0.18/turn              D - ring of see invisible

@: quick
A: no striking features
a: Heroism, Finesse, Renounce Religion


You were on level 15 of the Dungeon.
You worshipped Okawaru.
Okawaru was exalted by your worship.
You were not hungry.

You visited 3 branches of the dungeon, and saw 18 of its levels.

You collected 2415 gold pieces.
You spent 724 gold pieces at shops.

Inventory:

Hand Weapons
 q - a +4 broad axe of flaming (weapon)
Missiles
 a - 52 boomerangs (quivered)
Armour
 c - a +1 kite shield (worn)
 o - a +2 cloak (worn)
 y - a +2 pair of gloves (worn)
 K - a +1 helmet (worn)
 N - a +3 plate armour of positive energy (worn)
 V - a +2 pair of boots of running (worn)
Jewellery
 e - an uncursed amulet of guardian spirit
 l - the ring "Fiejus" (left hand) {rPois rF+ rN++ Int+4}
   (You bought it in a shop on level 4 of the Dungeon)

   [ring of intelligence]

   It affects your intelligence (+4).
   It protects you from fire.
   It protects you from poison.
   It greatly protects you from negative energy.
 z - an uncursed ring of resist corrosion
 D - a ring of see invisible (right hand)
 F - an uncursed ring of protection from cold
 O - a +2 ring of evasion
 Q - an uncursed ring of positive energy
 Y - a +4 amulet of reflection (around neck)
Wands
 h - a wand of polymorph (6)
 j - a wand of flame (49)
 r - a wand of acid (18)
 B - a wand of random effects (31)
 H - a wand of paralysis (3)
 L - a wand of scattershot (2)
 P - a wand of digging (6)
 W - a wand of disintegration (5)
Scrolls
 d - a scroll of enchant armour
 g - 6 scrolls of teleportation
 s - 2 scrolls of magic mapping
 v - 2 scrolls of amnesia {unknown}
 x - 12 scrolls of remove curse {unknown}
 A - a scroll of fear
 C - 4 scrolls of random uselessness {unknown}
 E - 2 scrolls of fog {unknown}
 M - a scroll of holy word {unknown}
 X - a scroll of torment {unknown}
 Z - a scroll of brand weapon {unknown}
Potions
 b - 2 potions of mutation {unknown}
 i - 3 potions of curing
 k - 10 potions of heal wounds
 t - a potion of agility
 u - a potion of ambrosia
 w - a potion of degeneration {unknown}
 G - 3 potions of lignification {unknown}
 J - 2 potions of brilliance {unknown}
 R - a potion of haste {unknown}
Miscellaneous
 I - a box of beasts
 S - a phial of floods
Comestibles
 f - 16 rations


   Skills:
 * Level 12.9 Fighting
   Level 3.9 Long Blades
 + Level 16.0 Axes
 + Level 2.2 Throwing
 * Level 12.2 Armour
 + Level 1.7 Dodging
 + Level 0.2 Stealth
 * Level 13.2 Shields
 + Level 5.3 Spellcasting
 * Level 2.4 Conjurations
 * Level 2.5 Transmutations
   Level 2.1 Fire Magic
 * Level 2.7 Earth Magic
 * Level 8.6 Invocations
 * Level 6.6 Evocations


You had 10 spell levels left.
You knew the following spells:

 Your Spells              Type           Power        Failure   Level  Hunger
a - Sandblast             Erth           #.....       58%         1    None
b - Passwall              Tmut/Erth      #.......     75%         2    ##.....
c - Lee's Rapid Deconstr  Erth           #.........   100%        5    ######.
d - Stone Arrow           Conj/Erth      #.....       94%         3    ###....
e - Petrify               Tmut/Erth      #.......     100%        4    ####...

Your spell library contained the following spells:

 Spells                   Type           Power        Failure   Level  Hunger
 Foxfire                  Conj/Fire      #...         65%         1    None
 Summon Butterflies       Summ           #.......     93%         1    None
 Conjure Flame            Conj/Fire      #.......     95%         3    ###....
 Poisonous Vapours        Pois/Air       #.....       98%         2    ##.....
 Inner Flame              Hex/Fire       #.......     99%         3    ###....
 Mephitic Cloud           Conj/Pois/Air  #.......     99%         3    ###....
 Call Canine Familiar     Summ           #.......     100%        3    ###....
 Sticky Flame             Conj/Fire      #.......     100%        4    ####...
 Summon Ice Beast         Ice/Summ       #.......     100%        4    ####...
 Fireball                 Conj/Fire      #.........   100%        5    ######.
 Summon Mana Viper        Hex/Summ       #.......     100%        5    ######.
 Freezing Cloud           Conj/Ice/Air   #.........   100%        6    #######
 Ring of Flames           Chrm/Fire      #.........   100%        7    #######
 Summon Hydra             Summ           #.........   100%        7    #######


Dungeon Overview and Level Annotations

Branches:
Dungeon (15/15)            Temple (1/1) D:6            Lair (0/6) D:8
    Orc (2/2) D:11            Elf (0/3) Orc:2        Vaults (0/5) D:13
 Depths (0/5) D:15

Altars:
Ashenzari
Cheibriados
Dithmenos
Elyvilon
Fedhas
Gozag
Hepliaklqana
Kikubaaqudgha
Makhleb
Nemelex Xobeh
Okawaru
Qazlal
Ru
Sif Muna
Trog
Uskayaw
Vehumet
Wu Jian
Xom
Yredelemnul
Zin
The Shining One

Shops:
D:4 =   D:6 *   D:11 [   D:15 !   Orc:2 (((}[


Message History

You kill the death yak!
The death yak's corpse disappears in a puff of smoke!
You slash the spriggan berserker! You burn the spriggan berserker.
You block the spriggan berserker's attack.
The death yak gores you.
* * * LOW HITPOINT WARNING * * *
The spriggan berserker is no longer regenerating.
The spriggan berserker is no longer resistant to hostile enchantments.
You hit the death yak but do no damage. You slash the spriggan berserker!
You burn the spriggan berserker. The death yak gores you.
* * * LOW HITPOINT WARNING * * *
You block the spriggan berserker's attack.
The death yak gores you!!
* * * LOW HITPOINT WARNING * * *
The spriggan berserker hits you with a +0 war axe of venom!
* * * LOW HITPOINT WARNING * * *
You feel much better. The death yak gores you!
* * * LOW HITPOINT WARNING * * *
The spriggan berserker hits you with a +0 war axe of venom!!
You die...

.........###### ##..#....#
...#...#......#####...##.##
................##.....#..#######
..#.............##.###......#...#
..##...............# #####......#
..###.##...........#### ##.#...#
..# #.##..............#####.<...#
..###.##........Yi..#.....###...#
..#.............@.........# #...#
.##.##...#..........#.)...# #...#
.##.....##..........#...).# #...#
.....#####.........)#.....# #####
.#..## ###...............# ....#
#.....[...........##
.#..#####....[[[.#...####..## ###
.....#.........≈.#.≈.#..#...###..
.......###..)(...#...#..#.#......


You could see a death yak (berserk) and a spriggan berserker (berserk).

Vanquished Creatures
  A sphinx (D:12)
  An orc warlord (Orc:1)
  A very ugly thing (D:14)
  A dire elephant (D:15)
  Snorg (D:14)
  A hydra (D:15)
  Erica (D:10)
  3 centaur warriors
  6 two-headed ogres
  5 tengu warriors
  3 spriggan berserkers (D:15)
  Nergalle (D:11)
  5 orc high priests
  3 unseen horrors
  A wizard (D:14)
  5 orc knights
  2 necromancers
  6 deep elf magi
  2 cyclopes
  7 ugly things
  4 manticores
  8 orc sorcerers
  5 centaur zombies
  Maurice (D:13)
  7 centaur skeletons
  A komodo dragon (D:8)
  A yaktaur (shapeshifter) (D:14)
  4 yaktaurs
  A freezing wraith (D:14)
  A kobold demonologist (D:12)
  3 tengu conjurers (D:14)
  An efreet (D:12)
  A merfolk (D:15)
  5 trolls
  8 slime creatures
  3 hippogriffs
  A centaur simulacrum (D:15)
  9 yaks
  3 shadows
  A vampire (D:12)
  A human (D:8)
  2 wyverns
  2 hogs (D:8)
  A fire elemental (D:14)
  3 vampire mosquitoes (D:13)
  A steam dragon (D:7)
  2 hungry ghosts (D:14)
  5 wargs
  An acid dragon (D:11)
  A water moccasin (D:8)
  A black bear (D:4)
  4 sky beasts
  36 orc warriors
  4 ice beasts
  11 ogres
  An eye of draining (D:10)
  A phantom (D:9)
  A boggart (D:13)
  18 centaurs
  2 necrophages
  3 crocodiles
  5 big kobolds
  11 bullfrogs
  A gnoll sergeant (D:8)
  A wyvern zombie (D:14)
  5 scorpions
  A wight (D:14)
  15 killer bees
  2 electric eels
  6 howler monkeys
  9 crimson imps
  A bullfrog zombie (D:7)
  3 jellies
  3 bullfrog skeletons
  A gnoll shaman (D:8)
  9 hounds
  A quasit (D:7)
  16 orc priests
  19 orc wizards
  4 iguanas
  Natasha (thrice) (D:2)
  16 worker ants
  A hound zombie (D:7)
  A hound skeleton (D:6)
  A howler monkey zombie (D:10)
  2 worker ant zombies
  8 gnolls (D:8)
  7 adders
  A howler monkey skeleton (D:7)
  2 shadow imps
  3 adder skeletons
  2 worms
  8 leopard geckos
  84 orcs
  5 bats
  9 giant cockroaches
  7 goblins
  8 hobgoblins
  10 jackals
  28 kobolds
  5 quokkas
  A ball python skeleton (D:4)
  3 frilled lizards
  A jackal zombie (D:6)
  A leopard gecko zombie (D:6)
  2 quokka skeletons
  3 quokka zombies
  3 rats
  2 plants (D:10)
565 creatures vanquished.

Vanquished Creatures (collateral kills)
  An ugly thing (D:15)
  A yaktaur (D:15)
2 creatures vanquished.

Vanquished Creatures (others)
  A centaur warrior (D:14)
  A cyclops (D:14)
  A shadow (D:15)
  2 centaurs (D:14)
  2 orc wizards
7 creatures vanquished.

Grand Total: 574 creatures vanquished

Notes
Turn   | Place    | Note
-------+----------+-------------------------------------------
     0 | D:1      | Error4North the Hill Orc Fighter began the quest for the
                  | Orb.
     0 | D:1      | Reached XP level 1. HP: 19/19 MP: 1/1
   135 | D:1      | Reached XP level 2. HP: 23/27 MP: 2/2
   365 | D:1      | Reached skill level 3 in Axes
   638 | D:1      | Reached XP level 3. HP: 31/33 MP: 3/3
   820 | D:2      | Noticed Natasha
   825 | D:2      | Killed Natasha
   958 | D:2      | Reached XP level 4. HP: 40/40 MP: 2/4
  1131 | D:2      | Noticed Natasha
  1154 | D:2      | Killed Natasha
  1417 | D:2      | Noticed Natasha
  1422 | D:2      | Killed Natasha
  1422 | D:2      | Reached XP level 5. HP: 43/47 MP: 3/5
  2263 | D:4      | Reached skill level 4 in Axes
  2311 | D:4      | Found Gudu's Jewellery Boutique.
  2336 | D:4      | Noticed a black bear
  2344 | D:4      | Killed a black bear
  2344 | D:4      | Reached skill level 5 in Armour
  2344 | D:4      | Reached XP level 6. HP: 47/53 MP: 3/6
  2531 | D:4      | Reached skill level 5 in Shields
  2597 | D:4      | Got a fine war axe
  2598 | D:4      | Identified the +5 war axe of Corporal Punishment {vorpal,
                  | Fragile Str+9 Int-2 SInv} (You found it on level 4 of the
                  | Dungeon)
  2918 | D:5      | Entered Level 5 of the Dungeon
  3136 | D:5      | Reached skill level 5 in Axes
  3136 | D:5      | Reached XP level 7. HP: 60/60 MP: 7/7
  3234 | D:5      | Reached skill level 6 in Axes
  3722 | D:6      | Reached skill level 5 in Fighting
  3722 | D:6      | Reached skill level 7 in Axes
  3722 | D:6      | Reached XP level 8. HP: 67/68 MP: 8/8
  3751 | D:6      | Found a shattered altar of Ashenzari.
  3752 | D:6      | Found a stormy altar of Qazlal.
  3753 | D:6      | Found a hide-covered altar of Uskayaw.
  3781 | D:6      | Found a staircase to the Ecumenical Temple.
  3791 | Temple   | Entered the Ecumenical Temple
  4056 | D:6      | Reached skill level 8 in Axes
  4146 | D:6      | Found Gozag's Platinum Reserve.
  4180 | D:6      | Found an opulent altar of Gozag.
  4227 | D:6      | Found an iron altar of Okawaru.
  4233 | D:6      | Became a worshipper of Warmaster Okawaru
  5080 | D:7      | Reached XP level 9. HP: 74/74 MP: 9/9
  5083 | D:7      | Reached skill level 9 in Axes
  5091 | D:7      | Reached * piety under Okawaru
  6059 | D:8      | Reached skill level 10 in Axes
  6064 | D:8      | Reached ** piety under Okawaru
  6072 | D:8      | Noticed a death yak
  6073 | D:8      | Noticed a death yak
  6074 | D:8      | Noticed a death yak
  6338 | D:8      | You fall into a shaft and drop 2 floors!
  6338 | D:10     | Entered Level 10 of the Dungeon
  6419 | D:9      | Reached XP level 10. HP: 82/84 MP: 10/10
  6488 | D:9      | Found a white marble altar of Elyvilon.
  6607 | D:9      | Reached *** piety under Okawaru
  6927 | D:10     | Reached skill level 11 in Axes
  6928 | D:10     | Noticed a two-headed ogre
  6935 | D:10     | Killed a two-headed ogre
  7115 | D:10     | Reached **** piety under Okawaru
  7253 | D:10     | Noticed an unseen horror
  7262 | D:10     | Killed an unseen horror
  7279 | D:10     | Noticed Erica
  7294 | D:10     | Killed Erica
  7294 | D:10     | Reached skill level 12 in Axes
  7294 | D:10     | Reached skill level 1 in Throwing
  7294 | D:10     | Reached skill level 10 in Shields
  7404 | D:10     | Reached XP level 11. HP: 92/94 MP: 11/11
  7444 | D:10     | Reached ***** piety under Okawaru
  7444 | D:10     | Reached skill level 1 in Long Blades
  7444 | D:10     | Reached skill level 1 in Invocations
  7776 | D:11     | Found a staircase to the Orcish Mines.
  7791 | D:11     | Reached skill level 1 in Spellcasting
  7847 | D:11     | Noticed a manticore
  7873 | D:11     | Killed a manticore
  7873 | D:11     | Reached skill level 1 in Evocations
  7905 | D:11     | Noticed Nergalle
  7918 | D:11     | Killed Nergalle
  8160 | D:11     | You fall into a shaft and drop 1 floor!
  8210 | D:12     | Noticed a two-headed ogre
  8226 | D:12     | Killed a two-headed ogre
  8257 | D:12     | Noticed a soul eater
  8262 | D:12     | Received a gift from Okawaru
  8265 | D:12     | Reached skill level 10 in Armour
  8280 | D:11     | Noticed an unseen horror
  8300 | D:11     | Killed an unseen horror
  8632 | D:11     | Found Rapeck's Antique Armour Boutique.
  8969 | Orc:1    | Entered Level 1 of the Orcish Mines
  9260 | Orc:2    | Entered Level 2 of the Orcish Mines
  9263 | Orc:2    | Noticed an orc sorcerer
  9265 | Orc:2    | Found a staircase to the Elven Halls.
  9280 | Orc:1    | Killed an orc sorcerer
  9280 | Orc:1    | Reached skill level 13 in Axes
  9280 | Orc:1    | Reached XP level 12. HP: 94/104 MP: 15/15
  9371 | Orc:2    | Found Xinlen's Weapon Shoppe.
  9612 | Orc:2    | Found Ami Cirgh's Antique Weapon Shoppe.
  9612 | Orc:2    | Noticed an orc high priest
  9691 | Orc:2    | Received a gift from Okawaru
  9691 | Orc:2    | Reached ****** piety under Okawaru
  9755 | Orc:2    | Noticed an orc high priest
  9953 | Orc:2    | Noticed a soul eater
  9985 | Orc:2    | Noticed a sun demon
  9990 | Orc:2    | Killed an orc high priest
 10125 | Orc:2    | Noticed a sun demon
 10128 | Orc:2    | Killed an orc high priest
 10263 | Orc:2    | Noticed an orc high priest
 10269 | Orc:2    | Killed an orc high priest
 10280 | Orc:2    | Found Raletirr's Antique Weapon Shoppe.
 10285 | Orc:2    | Noticed an orc high priest
 10287 | Orc:2    | Reached skill level 10 in Fighting
 10298 | Orc:2    | Killed an orc high priest
 10300 | Orc:2    | Reached skill level 14 in Axes
 10307 | Orc:2    | Found Giemim's Armour Shop.
 10336 | Orc:2    | Found Uja Jiobb's Gadget Shop.
 10407 | Orc:1    | Reached skill level 5 in Invocations
 10723 | Orc:1    | Reached XP level 13. HP: 103/113 MP: 16/18
 10752 | Orc:1    | Received a gift from Okawaru
 10790 | Orc:1    | Noticed an orc warlord
 10824 | Orc:1    | Killed an orc warlord
 11416 | D:8      | Found a snail-covered altar of Cheibriados.
 11663 | D:8      | Found a staircase to the Lair.
 11825 | D:8      | Received a gift from Okawaru
 12098 | D:8      | Found a blossoming altar of Fedhas.
 12367 | D:4      | Bought the ring "Fiejus" {rPois rF+ rN++ Int+4} for 724
                  | gold pieces
 12827 | D:12     | Found a runed translucent door.
 12997 | D:12     | Reached skill level 5 in Evocations
 13034 | D:12     | Noticed a sphinx
 13045 | D:12     | Killed a sphinx
 13045 | D:12     | Received a gift from Okawaru
 13065 | D:12     | Identified a +1 pair of boots of running (Okawaru gifted it
                  | to you on level 12 of the Dungeon)
 13444 | D:13     | Reached skill level 15 in Axes
 13588 | D:13     | Noticed Maurice
 13604 | D:13     | Killed Maurice
 14138 | D:13     | Reached XP level 14. HP: 120/124 MP: 19/21
 14221 | D:13     | Found a gate to the Vaults.
 14462 | D:14     | Noticed a green very ugly thing
 14467 | D:14     | Noticed Snorg
 14478 | D:14     | Killed a green very ugly thing
 14478 | D:14     | Reached skill level 1 in Dodging
 14486 | D:14     | Killed Snorg
 14486 | D:14     | Received a gift from Okawaru
 14784 | D:14     | Reached skill level 5 in Spellcasting
 15058 | D:14     | Got a steaming demon blade {god gift}
 15062 | D:14     | Identified the +10 demon blade "Hisebbah" {freeze, rC- rN+
                  | Str+4} (Okawaru gifted it to you on level 14 of the
                  | Dungeon)
 15160 | D:14     | Received a gift from Okawaru
 15233 | D:14     | Learned a level 1 spell: Sandblast
 15236 | D:14     | Learned a level 2 spell: Passwall
 15242 | D:14     | Learned a level 5 spell: Lee's Rapid Deconstruction
 15246 | D:14     | Learned a level 3 spell: Stone Arrow
 15251 | D:14     | Learned a level 4 spell: Petrify
 15443 | D:15     | Entered Level 15 of the Dungeon
 15443 | D:15     | Found Ocusk's Distillery.
 15453 | D:15     | Reached skill level 1 in Conjurations
 15462 | D:15     | Reached skill level 1 in Transmutations
 15462 | D:15     | Reached skill level 1 in Earth Magic
 15729 | D:15     | Noticed a dire elephant
 15752 | D:15     | Received a gift from Okawaru
 15906 | D:15     | Killed a dire elephant
 15917 | D:15     | Found a staircase to the Depths.
 15993 | D:15     | HP: 6/127 [spriggan berserker/+0 war axe (26)]
 15996 | D:15     | Reached skill level 16 in Axes
 15996 | D:15     | Reached XP level 15. HP: 17/134 MP: 14/22
 16665 | D:15     | Found the +8 Wrath of Trog {antimagic, *Rage}
 16836 | D:15     | Reached XP level 16. HP: 43/141 MP: 23/23
 16842 | D:15     | HP: 3/141 [spriggan berserker/+0 war axe of venom (8)]
 16843 | D:15     | Mangled by a spriggan berserker

Levels and vault maps discovered:
D:1:      mrwooster_arrival_statue, layout_basic, dk_noncrumbling_3,
          hangedman_glass_teeth
D:2:      layout_loops_ring, uniq_natasha
D:3:      layout_basic
D:4:      black_bear_nest_2, layout_loops_ring, serial_shops,
          nicolae_shop_crystal
D:5:      layout_loops_corners, first_ration
D:6:      layout_basic, chequers_temple_overflow_statue_of_worship,
          lemuel_crystal_altar, nicolae_gozag_zags_fifth_avenue,
          minmay_temple_entry_purple_smoke
D:7:      layout_basic
D:8:      layout_basic, cheibriados_altar_1, dpeg_lair_monsters, basic_altar,
          grunt_livestock, minmay_misc_feat_five, minmay_the_grid_2x2
          [minmay_the_grid_large_cup, minmay_the_grid_rooms,
          minmay_the_grid_outer_circle, minmay_the_grid_prize_shrinking_boxes]
D:9:      corexii_shack_village, layout_gridville, basic_altar
D:10:     layout_loops_ring, serial_bayou_lagoon_a, uniq_erica
D:11:     layout_big_octagon, david_orc_2, serial_shops, shop,
          kennysheep_cross_bottleneck, serial_bayou_crossing, uniq_nergalle
D:12:     layout_cave_pools, lightli_airlock
D:13:     layout_basic, david_vaults_1, uniq_maurice
D:14:     hangedman_cross_cluster, layout_rooms, kennysheep_crisscross,
          drop_trap, kennysheep_generic_room_14, uniq_snorg
D:15:     hangedman_depths_entry_try_elsewhere_first, layout_rooms,
          serial_shops, shop, minivault_27, minmay_guarded_unrand_wrath_of_trog
Temple:   compressed_dpeg_circular_temple
Orc:1:    layout_diamond_mine
Orc:2:    st_orc_elflike, layout_diamond_mine, serial_shops, nicolae_shop_trees

Skill      XL: |  1  2  3  4  5  6  7  8  9 10 11 12 13 14 15 |
---------------+----------------------------------------------+-----
Axes           | 3 4 5 7 8 10 12 13 14 15 16 | 16.0
Shields        | 4 5 6 8 10 11 12 13 | 13.2
Armour         | 4 5 6 7 8 9 10 11 12 | 12.2
Fighting       | 4 5 6 7 9 10 11 12 | 12.9
Throwing       | 1 2 |  2.2
Long Blades    | 3 |  3.9
Invocations    | 3 5 7 8 |  8.6
Spellcasting   | 2 3 4 5 |  5.3
Evocations     | 2 4 5 6 |  6.6
Dodging        | 1 |  1.7
Conjurations   | 2 |  2.4
Transmutations | 1 2 |  2.5
Earth Magic    | 1 2 |  2.7
Fire Magic     | 2 |  2.1
Stealth        | |  0.2

Action                   |  1- 3 |  4- 6 |  7- 9 | 10-12 | 13-15 | 16-18 || total
-------------------------+-------+-------+-------+-------+-------+-------++-------
Melee: War axe           |    98 |   142 |   231 |   480 |   600 |       ||  1551
       Broad axe         |       |       |       |       |   119 |     3 ||   122
Throw: Boomerang         |       |       |     8 |    34 |    16 |       ||    58
Invok: Heroism           |       |       |       |     5 |    10 |       ||    15
       Finesse           |       |       |       |     2 |     3 |       ||     5
Evoke: Wand              |       |       |       |     3 |     2 |       ||     5
       Phial of floods   |       |       |       |       |     1 |       ||     1
  Use: Potion            |       |     1 |       |     4 |     6 |     1 ||    12
       Scroll            |       |     3 |     1 |     4 |    18 |       ||    26
  Eat: Chunk             |       |     6 |     8 |     8 |     5 |       ||    27
       Ration            |       |     1 |       |     2 |     5 |       ||     8
Armor: Scale mail        |    32 |       |       |       |       |       ||    32
       Chain mail        |    39 |    61 |       |       |       |       ||   100
       Plate armour      |       |    29 |   124 |   177 |   271 |     1 ||   602
Dodge: Dodged            |    35 |    31 |    47 |   108 |   192 |     1 ||   414
Block: Kite shield       |    64 |    87 |   139 |   303 |   554 |     4 ||  1151
       Reflection        |       |       |       |       |    29 |       ||    29

Table legend:
 A = Non-vault XP
 B = Vault XP
 C = Vault XP percentage of total XP
 D = Non-vault monster count
 E = Vault monster count
 F = Vault count percentage of total count
                 A         B        C        D         E       F
            +---------+---------+-------+---------+---------+-------
      Total |   53881 |   38876 |  41.9 |     446 |     125 |  21.9
            +---------+---------+-------+---------+---------+-------
        D:1 |      34 |       0 |   0.0 |      20 |       0 |   0.0
        D:2 |     106 |      35 |  24.8 |      14 |       1 |   6.7
        D:3 |      21 |       0 |   0.0 |       9 |       0 |   0.0
        D:4 |     200 |     133 |  39.9 |      18 |       1 |   5.3
        D:5 |     669 |       0 |   0.0 |      25 |       0 |   0.0
        D:6 |     939 |       0 |   0.0 |      21 |       0 |   0.0
        D:7 |    1588 |       0 |   0.0 |      27 |       0 |   0.0
        D:8 |    1423 |    4437 |  75.7 |      47 |      27 |  36.5
        D:9 |    1320 |      27 |   2.0 |      25 |      13 |  34.2
       D:10 |    3782 |     934 |  19.8 |      24 |       1 |   4.0
       D:11 |    2103 |    1105 |  34.4 |       8 |       8 |  50.0
       D:12 |    6192 |    4835 |  43.8 |      36 |      11 |  23.4
       D:13 |    4491 |    3877 |  46.3 |      21 |       6 |  22.2
       D:14 |   10573 |    9847 |  48.2 |      25 |      25 |  50.0
       D:15 |    9637 |    5258 |  35.3 |      31 |       7 |  18.4
      Orc:1 |    7197 |       0 |   0.0 |      54 |       0 |   0.0
      Orc:2 |    3606 |    8388 |  69.9 |      41 |      25 |  37.9
            +---------+---------+-------+---------+---------+-------
